 Dungeon Crawl Stone Soup version 0.29.1-14-g9c671dbff4 (webtiles) character file.

Game seed: 93662176548681327

1716 leafyfresh the Sneak (level 9, -2/59 HPs)
             Began as an Octopode Transmuter on Feb 14, 2023.
             Slain by an orc warrior
             ... wielding a +0 long sword
              (16 damage)
             ... on level 8 of the Dungeon.
             The game lasted 00:16:57 (7262 turns).

leafyfresh the Sneak (Octopode Transmuter)          Turns: 7262, Time: 00:16:58

Health: -2/59      AC:  2    Str:  9    XL:     9   Next: 4%
Magic:  20/21      EV: 23    Int: 16    God:
Gold:   385        SH:  5    Dex: 21    Spells: 3/12 levels left

rFire   . . .      SeeInvis .     - Unarmed
rCold   + . .      Faith    .   (shield currently unavailable)
rNeg    . . .      Spirit   .   (helmet currently unavailable)
rPois   x          Reflect  +   s - amulet of reflection
rElec   .          Harm     .   e - ring of magical power
rCorr   .          Rampage  .   u - ring of protection from fire
Will    .....                   B - ring of ice
Stlth   ++++......              (no ring)
HPRegen 0.19/turn               (no ring)
MPRegen 0.17/turn               (no ring)
                                (no ring)
                                (no ring)

@: lethally poisoned (-2 -> -5), spider-form (expiring)
A: venomous fangs, almost no armour, (amphibious), 8 rings, tiny, (camouflage
1), (gelatinous body 1), (nimble swimmer 1), (tentacles)
a: End Transformation


You were on level 8 of the Dungeon.
You were a venomous arachnid creature.
You visited 2 branches of the dungeon, and saw 9 of its levels.

You collected 385 gold pieces.

Inventory:

Hand Weapons
 l - a +2 short sword of venom (melded)
 C - a +2 vorpal spear
Missiles
 h - 5 curare-tipped darts
 D - a throwing net
Magical Staves
 r - a staff of death
Jewellery
 e - a ring of magical power (left front leg)
 f - an amulet of regeneration
 s - an amulet of reflection (around neck)
 u - a ring of protection from fire (right front leg)
 B - a ring of ice (on tentacle)
 H - a +4 ring of evasion
Wands
 F - a wand of flame (24)
 K - a wand of mindburst (19)
Scrolls
 c - 3 scrolls of torment
 d - 3 scrolls of noise
 i - a scroll of enchant weapon
 j - a scroll of teleportation
 p - a scroll of enchant armour
 x - 2 scrolls of magic mapping
 y - a scroll of summoning {unknown}
 z - 2 scrolls of blinking {unknown}
 E - a scroll of fog {unknown}
 G - 2 scrolls of identify
 I - a scroll of immolation {unknown}
Potions
 a - a potion of resistance
 b - a potion of flight {unknown}
 g - a potion of invisibility {unknown}
 k - 4 potions of curing
 m - a potion of brilliance {unknown}
 n - a potion of mutation {unknown}
 o - a potion of degeneration {unknown}
 q - a potion of attraction {unknown}
 t - 2 potions of haste {unknown}
 v - a potion of magic {unknown}
 w - 3 potions of heal wounds {unknown}
 A - a potion of ambrosia {unknown}
 J - a potion of cancellation {unknown}


   Skills:
 + Level 4.7 Fighting
 + Level 5.1 Dodging
 + Level 6.7 Stealth
 + Level 5.6 Unarmed Combat
 - Level 2.0 Spellcasting
 - Level 6.1 Transmutations


You had 3 spell levels left.
You knew the following spells:

 Your Spells              Type           Power      Damage    Failure   Level
a - Beastly Appendage     Tmut           42%        N/A       7%          1
b - Spider Form           Tmut/Pois      11%        N/A       38%         3
c - Swiftness             Air            1%         N/A       73%         3
d - Passwall              Tmut/Erth      9%         N/A       22%         2

Your spell library contained the following spells:

 Spells                   Type           Power      Damage    Failure   Level
 Wereblood                Tmut           21%        N/A       10%         2
 Ensorcelled Hibernation  Hex/Ice        4%         N/A       52%         2
 Gell's Gravitas          Tloc           1%         N/A       73%         3
 Lesser Beckoning         Tloc           1%         N/A       73%         3
 Teleport Other           Tloc           1%         N/A       73%         3
 Ice Form                 Ice/Tmut       17%        N/A       73%         4


Dungeon Overview and Level Annotations

Branches:
Dungeon (8/15)             Temple (1/1) D:7
   Lair: D:8-11

Altars:
Cheibriados
Dithmenos
Fedhas
Gozag
Hepliaklqana
Kikubaaqudgha
Makhleb
Nemelex Xobeh
Qazlal
Uskayaw
Wu Jian
Xom
Yredelemnul
Zin
The Shining One

Annotations:
D:8 2 runed translucent doors


Innate Abilities, Weirdness & Mutations

You are a venomous arachnid creature.
You have poisonous fangs.
You are tiny and dextrous.
Your spellcasting is less reliable in this form.
Your armour is entirely melded.
You are incapable of wielding weapons or throwing items.
You cannot wear most types of armour.
((You are amphibious.))
You can wear up to eight rings at the same time.
((Your skin changes colour to match your surroundings (Stealth+).))
((Your rubbery body absorbs attacks. (AC +1, EV +1)))
((You are camouflaged when in or above water. (Stealth+)))
((You have tentacles for arms and can constrict up to eight enemies at once.))


Message History

Unknown command.
You feel sick.
A magic dart appears from out of thin air!
The magic dart hits you. The orc attacks as you move away!
The orc hits you with a +0 hand axe of venom.
You are more poisoned.
You feel very sick.
You kill the orc wizard!
Reactivating autopickup.
You feel a bit more experienced.
You feel very sick.
You barely miss the orc.
You feel very sick. The orc completely misses you.
You hit the orc.
The orc is poisoned.
The orc is heavily wounded.
You feel very sick.
You hit the orc.
You kill the orc!
You feel sick.
Unknown command.
You hit the orc warrior but do no damage.
Your transformation is almost over.
You feel sick. The orc warrior barely misses you.
You hit the orc warrior.
The orc warrior is poisoned.
The orc warrior is lightly wounded.
You feel sick. The orc warrior completely misses you.
You barely miss the orc warrior.
The orc warrior is lightly wounded.
You feel sick. The orc warrior completely misses you.
You hit the orc warrior but do no damage.
The orc warrior looks as sick as possible!
The orc warrior is lightly wounded.
You feel sick. The orc warrior misses you.
You hit the orc warrior but do no damage.
The orc warrior looks as sick as possible!
The orc warrior is moderately wounded.
You feel sick.
The orc warrior hits you with a +0 long sword!
You die...

#.###.......#.##.## ...)#
#.....#..###......####.....
#####.#.## ##.#......#.....
#.#.# #.#...######### #.#.##
##.....## ####
#....###.......# #...
####...........# #.##
#.###....##.# ##.#
##.so..)###.# #..#
####)..###.# #.##
#.......####.###
#o.o#####....... #...#
#.##.... #
########...#####....... #.
#.................#....
.#.#####........o...<..><...[.
.......#.................#.^..


You could see an orc warrior (extremely poisoned) and an orc wizard (wandering).

Vanquished Creatures
  A steam dragon (D:7)
  A water moccasin (D:4)
  An ice beast (D:5)
  An orc warrior (D:8)
  A sky beast (D:7)
  2 black bears
  An ogre (D:7)
  2 centaurs (D:5)
  A kobold brigand (D:8)
  A necrophage (D:4)
  A scorpion (D:4)
  2 orc priests (D:3)
  2 gnoll boudas
  Jessica (D:2)
  An iguana (D:5)
  3 orc wizards
  12 gnolls
  8 adders
  3 white imps
  An ufetubus (D:7)
  A worm (D:3)
  4 dart slugs
  19 orcs
  3 ball pythons
  5 bats
  5 endoplasms
  4 giant cockroaches
  5 goblins
  7 hobgoblins
  18 jackals
  2 quokkas
  4 frilled lizards
  11 kobolds
  11 rats
145 creatures vanquished.

Vanquished Creatures (others)
  An orc wizard (D:8)
1 creature vanquished.

Grand Total: 146 creatures vanquished

Notes
Turn   | Place    | Note
-------+----------+-------------------------------------------
     0 | D:1      | leafyfresh the Octopode Transmuter began the quest for the
                  | Orb.
     0 | D:1      | Reached XP level 1. HP: 13/13 MP: 3/3
   141 | D:1      | Reached XP level 2. HP: 14/18 MP: 3/5
   564 | D:1      | Reached XP level 3. HP: 21/23 MP: 4/6
   620 | D:1      | HP: 1/23 [jackal (3)]
  1146 | D:1      | Learned a level 3 spell: Spider Form
  1443 | D:2      | Found a sparkling altar of Nemelex Xobeh.
  1498 | D:2      | Found a faded altar of an unknown god.
  1504 | D:2      | Reached XP level 4. HP: 21/28 MP: 7/7
  1759 | D:2      | Noticed Jessica
  1769 | D:2      | Killed Jessica
  2212 | D:3      | Found an ornate altar of the Wu Jian Council.
  2261 | D:3      | Reached skill level 5 in Transmutations
  2261 | D:3      | Reached XP level 5. HP: 26/33 MP: 8/8
  2632 | D:3      | Reached XP level 6. HP: 36/38 MP: 9/9
  2907 | D:3      | Learned a level 3 spell: Swiftness
  2910 | D:3      | Learned a level 2 spell: Passwall
  3055 | D:4      | Noticed a black bear
  3064 | D:4      | Killed a black bear
  3065 | D:4      | Reached skill level 1 in Stealth
  3087 | D:4      | Noticed a water moccasin
  3096 | D:4      | Killed a water moccasin
  3097 | D:4      | Reached XP level 7. HP: 42/45 MP: 10/10
  3312 | D:4      | Identified the +4 scale mail of the Jackalope {rPois Will+
                  | Int-5}
  3618 | D:5      | Entered Level 5 of the Dungeon
  3746 | D:5      | Found a hazy altar of Hepliaklqana.
  3747 | D:5      | Found a shimmering altar of Xom.
  3747 | D:5      | Found a glowing silver altar of Zin.
  4267 | D:5      | Reached XP level 8. HP: 34/52 MP: 11/11
  4896 | D:5      | Reached skill level 5 in Stealth
  5062 | D:6      | You fall into a shaft and drop 1 floor!
  5155 | D:7      | Found a staircase to the Ecumenical Temple.
  5216 | Temple   | Entered the Ecumenical Temple
  5328 | D:7      | Reached skill level 5 in Unarmed Combat
  5732 | D:7      | Found a basalt altar of Yredelemnul.
  6110 | D:8      | Found a runed translucent door.
  6112 | D:8      | Found a runed translucent door.
  6503 | D:8      | Reached skill level 5 in Dodging
  6503 | D:8      | Reached XP level 9. HP: 17/59 MP: 12/12
  7262 | D:8      | Slain by an orc warrior

Illustrated notes

Levels and vault maps discovered:
D:1:      dpeg_arrival_pond, layout_rooms, minmay_misc_feat_five,
          minmay_nonomino_d4
D:2:      layout_loops_ring, basic_altar, hellmonk_ecumenical_altar_arch_garden,
          chequers_serial_rivers_micro_b, kennysheep_doodads,
          grunt_decor_junction, cheibrodos_gnoll_hut, uniq_jessica
D:3:      layout_basic, overflow_temple_1_default,
          minmay_fractal_squares_gapless_5
D:4:      layout_basic, minmay_misc_feat_more_columns, fountainhead,
          st_stairs_13
D:5:      layout_basic, chequers_temple_overflow_statue_of_worship,
          minmay_misc_feat_pillars, sigmund_army
D:6:      layout_basic, minitemple, hex_medium
D:7:      layout_basic, mainiacjoe_overflow_alcove_4, temple_fountains,
          serial_curves, eino_curves_04, eino_curves_02, hex_tiny
D:8:      lemuel_insect_pit, layout_loops_cross,
          grunt_temple_overflow_bloody_war
Temple:   eino_wide_crystal_templ

Skill      XL: |  1  2  3  4  5  6  7  8 |
---------------+-------------------------+-----
Transmutations | 3 4 5 6 |  6.1
Stealth        | 2 4 6 |  6.7
Fighting       | 2 3 4 |  4.7
Dodging        | 3 5 |  5.1
Unarmed Combat | 4 5 |  5.6
Spellcasting   | |  2.0

Action                   |  1- 3 |  4- 6 |  7- 9 || total
-------------------------+-------+-------+-------++-------
Melee: Unarmed           |    90 |    81 |   144 ||   315
       Constrict         |    22 |    12 |    14 ||    48
       Tentacles         |    13 |     8 |    22 ||    43
       Kick              |    13 |       |       ||    13
       Punch             |     3 |       |     3 ||     6
       Short sword       |       |    33 |    59 ||    92
 Cast: Beastly Appendage |    10 |       |       ||    10
       Spider Form       |     2 |     8 |    22 ||    32
  Use: Potion            |     1 |       |     2 ||     3
       Scroll            |       |       |     9 ||     9
 Stab: Sleeping          |       |     7 |     8 ||    15
Armor: Skin              |     5 |    13 |     7 ||    25
Dodge: Dodged            |    78 |    83 |   224 ||   385
Block: Other             |       |       |    18 ||    18
